 Dungeon Crawl Stone Soup version 0.25-a0-578-gc91f01c39c (webtiles) character file.

Game seed: 17749962129470781765, levelgen mode: deterministic

838 DerDa the Chiller (level 7, -1/46 HPs)
             Began as a Demonspawn Ice Elementalist on Mar 5, 2020.
             Slain by a mummy (16 damage)
             ... in an ossuary.
             The game lasted 00:16:47 (5481 turns).

DerDa the Chiller (Demonspawn Ice Elementalist)     Turns: 5481, Time: 00:16:48

Health: -1/46      AC:  9    Str:  8    XL:     7   Next: 67%
Magic:  14/15      EV: 12    Int: 19    God:
Gold:   310        SH:  0    Dex: 13    Spells: 6/17 levels left

rFire    . . .     SeeInvis .   w - +4 flail (drain)
rCold    . . .     Gourm    .   (no shield)
rNeg     . . .     Faith    .   a - +0 robe
rPois    +         Spirit   .   (no helmet)
rElec    .         Reflect  .   (no cloak)
rCorr    .         Harm     .   (no gloves)
MR       .....                  v - +0 pair of boots
Stlth    ++........             (no amulet)
HPRegen  0.15/turn              n - ring of poison resistance
MPRegen  0.14/turn              (no ring)

@: icy armour
A: hooves 1, powered by death 2
a: no special abilities


You were in an ossuary.
You were not hungry.

You visited 1 branch of the dungeon, and saw 5 of its levels.
You also visited: Ossuary.

You collected 310 gold pieces.

Inventory:

Hand Weapons
 e - a +0 club
 m - a +0 whip
 w - a +4 flail of draining (weapon)
Missiles
 h - 88 stones
 i - 102 sling bullets
 r - 7 curare-tipped darts (quivered)
Armour
 a - a +0 robe (worn)
 s - a +0 leather armour of magic resistance
 v - a +0 pair of boots (worn)
Magical Staves
 B - an uncursed staff of air
Jewellery
 n - a ring of poison resistance (left hand)
Scrolls
 d - 9 scrolls of remove curse
 f - a scroll of amnesia
 j - a scroll of fear
 p - a scroll of blinking
 q - a scroll of noise
 u - a scroll of teleportation {unknown}
 y - a scroll of magic mapping {unknown}
 A - a scroll of enchant weapon {unknown}
Potions
 b - 2 potions of degeneration {unknown}
 g - 2 potions of ambrosia {unknown}
 k - a potion of lignification {unknown}
 l - 2 potions of flight {unknown}
 o - a potion of stabbing {unknown}
 t - a potion of brilliance {unknown}
 x - a potion of heal wounds {unknown}
 z - 2 potions of might {unknown}
Comestibles
 c - 7 rations


   Skills:
 - Level 1.7 Dodging
 - Level 1.7 Stealth
 * Level 5.6 Spellcasting
 + Level 2.4 Summonings
 * Level 6.4 Ice Magic


You had 6 spell levels left.
You knew the following spells:

 Your Spells              Type           Power        Failure   Level  Hunger
a - Freeze                Ice            ####         1%          1    None
b - Frozen Ramparts       Ice            ####..       2%          3    ##.....
c - Ozocubu's Armour      Chrm/Ice       ###.....     10%         3    ##.....
d - Summon Ice Beast      Ice/Summ       ###.....     19%         4    ####...

Your spell library contained the following spells:

 Spells                   Type           Power        Failure   Level  Hunger
 Sandblast                Erth           #.....       12%         1    None
 Passwall                 Tmut/Erth      #.......     17%         2    None
 Hailstorm                Conj/Ice       ###.....     30%         4    ####...
 Stone Arrow              Conj/Erth      #.....       34%         3    ##.....
 Petrify                  Tmut/Erth      #.......     75%         4    ####...
 Lee's Rapid Deconstruct  Erth           #.........   97%         5    #####..


Dungeon Overview and Level Annotations

Branches:
Dungeon (5/15)            Ossuary (1/1)
 Temple: D:4-7

Altars:
Ru
Trog
Xom


Innate Abilities, Weirdness & Mutations

You have large cloven feet.
You regenerate health from kills.


Message History

You barely miss the mummy.
The mummy is almost destroyed.
The mummy hits you but does no damage.
You barely miss the mummy.
The mummy is almost destroyed.
The mummy hits you but does no damage.
You barely miss the mummy.
The mummy is almost destroyed.
The mummy misses you.
You hit the mummy.
The mummy is almost destroyed.
The mummy hits you!
You hit the mummy but do no damage.
The mummy is almost destroyed.
The mummy hits you!!
You hit the mummy but do no damage.
The mummy is almost destroyed.
You eat one of the 8 rations.
That ration really hit the spot!
The mummy hits you!
You die...

+# #.# ^# #.# .#
##'## .###...####
#'.'...'.^# #+#
##..#...##.#
##.###..###'###'#
###...#..## ###
#.# #M@...'.##
#^. ###...###
##.# ##.## #..#
#'# ### ##^##
#..# ##'###..#
##..###...#..##
#...'...'.##
#####...### ##.##


You could see a mummy.

Vanquished Creatures
  Edmund (D:4)
  An ogre (D:4)
  A crimson imp (D:4)
  A hound (D:4)
  3 orc wizards
  2 bullfrog skeletons
  Terence (D:2)
  3 worker ants (D:4)
  5 mummies
  8 adders
  3 gnolls (D:5)
  An ooze (D:2)
  5 worms
  2 dart slugs
  2 leopard geckos
  17 orcs
  2 ball pythons
  6 bats
  5 giant cockroaches
  16 goblins
  12 hobgoblins
  17 jackals
  8 kobolds
  2 quokkas (D:3)
  5 frilled lizards
  2 gnoll skeletons (Ossuary)
  2 goblin skeletons (Ossuary)
  A hobgoblin zombie (D:5)
  A leopard gecko skeleton (D:4)
  An orc skeleton (Ossuary)
  9 rats
145 creatures vanquished.

Notes
Turn   | Place    | Note
-------+----------+-------------------------------------------
     0 | D:1      | DerDa the Demonspawn Ice Elementalist began the quest for
                  | the Orb.
     0 | D:1      | Reached XP level 1. HP: 13/13 MP: 3/3
   350 | D:1      | Gained mutation: You regenerate a little health from kills.
                  | [demonic ancestry]
   350 | D:1      | Reached XP level 2. HP: 8/19 MP: 0/5
   724 | D:1      | Reached skill level 4 in Ice Magic
  1312 | D:1      | Gained mutation: You regenerate health from kills. [demonic
                  | ancestry]
  1312 | D:1      | Reached XP level 3. HP: 24/24 MP: 5/7
  1456 | D:1      | Found a shimmering altar of Xom.
  2015 | D:2      | Learned a level 3 spell: Frozen Ramparts
  2019 | D:2      | Learned a level 3 spell: Ozocubu's Armour
  2207 | D:2      | Reached XP level 4. HP: 23/30 MP: 2/8
  2236 | D:2      | Found a sacrificial altar of Ru.
  2737 | D:2      | Noticed Terence
  2779 | D:2      | Killed Terence
  3065 | D:3      | Gained mutation: You have large cloven feet. [demonic
                  | ancestry]
  3065 | D:3      | Reached XP level 5. HP: 35/35 MP: 2/10
  3290 | D:3      | Reached skill level 5 in Ice Magic
  3327 | D:3      | Found a bloodstained altar of Trog.
  3858 | D:3      | Learned a level 4 spell: Summon Ice Beast
  4052 | D:4      | Noticed an ogre
  4081 | D:4      | Killed an ogre
  4081 | D:4      | Reached XP level 6. HP: 41/41 MP: 5/12
  4164 | D:4      | Noticed Edmund
  4196 | D:4      | Killed Edmund
  4196 | D:4      | Reached skill level 1 in Summonings
  4643 | D:4      | Reached skill level 5 in Spellcasting
  4643 | D:4      | Reached XP level 7. HP: 40/46 MP: 10/14
  4692 | D:4      | Reached skill level 6 in Ice Magic
  4927 | D:5      | Entered Level 5 of the Dungeon
  5018 | D:5      | Found a sand-covered staircase.
  5029 | Ossuary  | Entered an ossuary
  5481 | Ossuary  | Slain by a mummy

Levels and vault maps discovered:
D:1:      co_arrival_random_square_maze, layout_loops_ring, xom_teletrap_fun
D:2:      layout_loops_cross, lemuel_coloured_pillars_altar, uniq_terence
D:3:      cheibrodos_greedy_goblins, layout_basic, lemuel_doored_altar
D:4:      minmay_bubble_buster, layout_basic, uniq_edmund
D:5:      layout_cave_pods, old_standard_altar,
          nicolae_qazlal_style_of_elements, minmay_temple_entry_stoned_glass,
          first_ration, nicolae_ossuary_entry_giza
Ossuary:  ossuary_due_small_catacomb

Skill      XL: |  1  2  3  4  5  6  7 |
---------------+----------------------+-----
Ice Magic      | 4 5 6 |  6.4
Spellcasting   | 3 4 5 |  5.6
Summonings     | 1 2 |  2.4
Dodging        | |  1.7
Stealth        | |  1.7

Action                   |  1- 3 |  4- 6 |  7- 9 || total
-------------------------+-------+-------+-------++-------
Melee: Unarmed           |     8 |       |       ||     8
       Club              |    46 |    10 |       ||    56
       Whip              |       |    23 |       ||    23
       Kick              |       |     6 |       ||     6
       Flail             |       |     3 |    71 ||    74
Throw: Dart              |       |     7 |       ||     7
       Stone             |       |     1 |       ||     1
 Cast: Freeze            |    71 |   111 |    29 ||   211
       Frozen Ramparts   |       |     7 |     1 ||     8
       Ozocubu's Armour  |       |     1 |     9 ||    10
       Summon Ice Beast  |       |       |     1 ||     1
  Use: Scroll            |       |       |     5 ||     5
 Stab: Sleeping          |     1 |       |       ||     1
  Eat: Chunk             |     4 |     8 |     2 ||    14
       Ration            |       |       |     1 ||     1
Armor: Robe              |    22 |    18 |    23 ||    63
Dodge: Dodged            |    75 |    64 |    60 ||   199

Table legend:
 A = Non-vault XP
 B = Vault XP
 C = Vault XP percentage of total XP
 D = Non-vault monster count
 E = Vault monster count
 F = Vault count percentage of total count
                 A         B        C        D         E       F
            +---------+---------+-------+---------+---------+-------
      Total |     657 |     541 |  45.2 |     110 |      35 |  24.1
            +---------+---------+-------+---------+---------+-------
        D:1 |      53 |       0 |   0.0 |      27 |       0 |   0.0
        D:2 |      70 |      32 |  31.4 |      24 |       1 |   4.0
        D:3 |     158 |      20 |  11.2 |      37 |      10 |  21.3
        D:4 |     280 |     395 |  58.5 |      17 |      13 |  43.3
        D:5 |      96 |      17 |  15.0 |       5 |       2 |  28.6
    Ossuary |       0 |      77 | 100.0 |       0 |       9 | 100.0
            +---------+---------+-------+---------+---------+-------
